 Dungeon Crawl Stone Soup version 0.26-a0-660-gc07710193c (webtiles) character file.

Game seed: 11149940970855329083

16818 marklar909 the Geomancer (level 12, -6/91 HPs)
             Began as a Formicid Earth Elementalist on Oct 6, 2020.
             Was an Elder of Fedhas.
             Killed from afar by a frost giant (33 damage)
             ... with a bolt of cold
             ... on level 10 of the Dungeon on Oct 8, 2020.
             The game lasted 01:11:09 (21223 turns).

marklar909 the Geomancer (FoEE)                    Turns: 21223, Time: 01:11:10

Health: -6/91      AC: 18    Str: 16    XL:     12   Next: 74%
Magic:  11/22      EV: 12    Int: 16    God:    Fedhas [****..]
Gold:   678        SH: 10    Dex: 12    Spells: 12/25 levels left

rFire    + . .     SeeInvis +   n - +4 spear
rCold    . . .     Faith    .   x - +0 kite shield
rNeg     . . .     Spirit   .   v - +1 swamp dragon scales
rPois    +         Reflect  .   (helmet unavailable)
rElec    .         Harm     .   m - +2 cloak
rCorr    .         Rampage  .   p - +2 pair of gloves
MR       +....                  F - +0 pair of boots
Stlth    ++........             k - amulet of magic regeneration
HPRegen  0.25/turn              t - ring of protection from fire
MPRegen  0.43/turn              (no ring)

@: studying Ice Magic
A: permanent stasis, dig shafts and tunnels, four strong arms, antennae 3
a: Dig, Shaft Self, Wall of Briars, Grow Ballistomycete, Overgrow, Renounce
Religion


You were on level 10 of the Dungeon.
You worshipped Fedhas.
Fedhas was greatly pleased with you.
You visited 2 branches of the dungeon, and saw 12 of its levels.

You collected 798 gold pieces.
You spent 120 gold pieces at shops.

Inventory:

Hand Weapons
 c - a +0 glaive
 n - a +4 spear (weapon)
 C - a +0 halberd
 G - a +0 arbalest
Missiles
 b - 159 stones (quivered)
 u - 38 poisoned darts
 B - 193 bolts
Armour
 h - a +0 tower shield
 m - a +2 cloak (worn)
 p - a +2 pair of gloves (worn)
 v - +1 swamp dragon scales (worn)
 x - a +0 kite shield (worn)
 F - a +0 pair of boots (worn)
Magical Staves
 D - an uncursed staff of cold
Jewellery
 k - an amulet of magic regeneration (around neck)
 r - an uncursed ring of poison resistance
 t - a ring of protection from fire (left hand)
Wands
 z - a wand of enslavement (10)
 A - a wand of iceblast (11)
Scrolls
 d - 2 scrolls of identify
 f - 2 scrolls of fear
 g - 4 scrolls of amnesia
 l - 7 scrolls of remove curse
 E - a scroll of magic mapping
Potions
 a - a potion of stabbing
 i - a potion of might
 j - 5 potions of flight
 o - 2 potions of brilliance
 q - a potion of mutation {unknown}
 s - a potion of curing
 w - a potion of degeneration {unknown}
Books
 e - a manual of Ice Magic
Miscellaneous
 y - a phial of floods


   Skills:
 * Level 7.4 Fighting
 + Level 8.8 Polearms
 + Level 2.4 Throwing
 + Level 7.2 Armour
 + Level 4.3 Dodging
 + Level 4.9 Stealth
 + Level 7.1 Shields
 + Level 7.1 Spellcasting
 + Level 5.4 Conjurations
 + Level 1.1 Transmutations
 * Level 8.9 Earth Magic
 + Level 6.0 Invocations
 + Level 1.7 Evocations


You had 12 spell levels left.
You knew the following spells:

 Your Spells              Type           Power        Failure   Level
a - Sandblast             Erth           ####..       1%          1
b - Stone Arrow           Conj/Erth      ####..       4%          3
c - Petrify               Tmut/Erth      ###.....     36%         4
d - Lee's Rapid Deconstr  Erth           ####......   22%         5

Your spell library contained the following spells:

 Spells                   Type           Power        Failure   Level
 Magic Dart               Conj           ###.         3%          1
 Passwall                 Tmut/Erth      ###.....     6%          2
 Animate Skeleton         Necr           #.....       30%         1
 Apportation              Tloc           #.....       30%         1
 Corona                   Hex            #......      30%         1
 Summon Small Mammal      Summ           #...         30%         1
 Conjure Flame            Conj/Fire      ##......     30%         3
 Mephitic Cloud           Conj/Pois/Air  ##......     41%         3
 Call Imp                 Summ           #.......     43%         2
 Slow                     Hex            #.......     43%         2
 Confusing Touch          Hex            #.......     67%         3
 Gell's Gravitas          Tloc           #.........   67%         3
 Metabolic Englaciation   Hex/Ice        #.........   100%        5
 Yara's Violent Unravell  Hex/Tmut       #.........   100%        5
 Blink                    Tloc           Unusable     N/A         2

Dungeon Overview and Level Annotations

Branches:
Dungeon (11/15)            Temple (1/1) D:5            Lair (0/6) D:11
    Orc (0/2) D:9

Altars:
Ashenzari
Cheibriados
Dithmenos
Elyvilon
Fedhas
Gozag
Hepliaklqana
Kikubaaqudgha
Makhleb
Nemelex Xobeh
Okawaru
Qazlal
Ru
Sif Muna
Trog
Uskayaw
Vehumet
Wu Jian
Xom
Yredelemnul
Zin
The Shining One

Shops:
D:5 :   D:9 *==   D:11 !:

Annotations:
D:2 1 runed translucent door, Crazy Yiuf
D:10 Urug


Innate Abilities, Weirdness & Mutations

You cannot be hasted, slowed, berserked, paralysed or teleported.
You can dig through walls and to a lower floor.
Your four strong arms can wield two-handed weapons with a shield.
You have a pair of large antennae on your head. (SInv)


Message History

You reach to attack!
You hit the frost giant.
The frost giant is severely wounded.
You hit the frost giant.
The frost giant is severely wounded.
The frost giant hits you with the +8 frozen axe "Frostbite" {freezing cloud, *Noise +Fly rC+}!!
The frost giant freezes you!
* * * LOW HITPOINT WARNING * * *
Unknown command.
You feel better.
You hit the frost giant.
The frost giant is almost dead.
The frost giant gestures at you while chanting.
The bolt of cold misses you.
Unknown command.
You hit the frost giant.
The frost giant is almost dead.
The frost giant casts a spell at you. The bolt of cold hits you!!
You die...
Fedhas appreciates your contribution to the ecosystem.

..# ....#####'##..#.#...#.####
..# .........)..o.#.#...#.#...
..#### ..............#.#...#.#...
.....# ..............#.'...#.#...
.....# ..............#.#####.#...
.....####............#.......#...
........#.....({P.C..#.......#...
###'###.##'###(#######.......#.[.
......#......P(C@...........<##'#
......#............#.._....)[...|
......#............#.............
#######............'...#..[.....>
...................#...'.........
################...#####.....####
# #.............# #
#...#####.....# # #...# #.....# #


You could see a frost giant and a friendly ballistomycete (summoned).

Vanquished Creatures
  Erolcha (D:9)
  2 two-headed ogres
  A queen ant (D:9)
  Nergalle (D:10)
  An unseen horror (D:10)
  A necromancer (D:11)
  An ugly thing (D:11)
  A cyclops (D:11)
  Maurice (D:9)
  A gargoyle (D:10)
  3 rime drakes (D:10)
  Maggie (D:6)
  A komodo dragon (D:11)
  A troll (D:9)
  A polar bear (D:10)
  Grinder (D:6)
  Prince Ribbit (D:7)
  A yak (D:8)
  Menkaure (D:6)
  20 soldier ants
  2 water moccasins
  An acid dragon (D:8)
  4 orc warriors
  A sky beast (D:7)
  6 black bears
  2 ice beasts
  A phantom (D:10)
  10 ogres
  5 centaurs
  A big kobold (D:8)
  5 bullfrogs
  3 elf skeletons (D:6)
  A water moccasin zombie (D:9)
  2 wyvern skeletons (D:9)
  3 scorpions
  14 killer bees
  16 wights
  2 howler monkeys (D:6)
  A centaur zombie (D:8)
  2 bullfrog zombies
  A jelly (D:6)
  3 orc priests
  3 hounds
  A human zombie (D:6)
  A bullfrog skeleton (D:8)
  6 iguanas
  A human skeleton (D:6)
  4 orc wizards
  Natasha (D:3)
  3 yak simulacra (D:11)
  A polar bear simulacrum (D:11)
  25 worker ants
  4 wolf simulacra (D:11)
  A hound skeleton (D:10)
  A worker ant zombie (D:10)
  A howler monkey zombie (D:6)
  21 adders
  A howler monkey skeleton (D:8)
  3 shadow imps
  A white imp (D:6)
  2 ufetubi
  An ooze (D:3)
  3 adder skeletons
  6 worms
  A dart slug (D:3)
  5 leopard geckos
  32 orcs
  7 giant cockroaches
  7 goblins
  8 hobgoblins
  18 jackals
  6 quokkas
  3 ball pythons
  5 bats
  6 frilled lizards
  11 kobolds
  A leopard gecko skeleton (D:4)
  An orc skeleton (D:6)
  A quokka skeleton (D:9)
  4 rats
  3 river rat simulacra (D:11)
  A ballistomycete spore (D:10)
339 creatures vanquished.

Vanquished Creatures (collateral kills)
  A black bear (D:11)
  21 ballistomycete spores
22 creatures vanquished.

Vanquished Creatures (others)
  2 ballistomycete spores (D:11)
  21 fungi (D:11)
  13 plants (D:11)
36 creatures vanquished.

Grand Total: 397 creatures vanquished

Notes
Turn   | Place    | Note
-------+----------+-------------------------------------------
     0 | D:1      | marklar909 the Formicid Earth Elementalist began the quest
                  | for the Orb.
     0 | D:1      | Reached XP level 1. HP: 13/13 MP: 3/3
   336 | D:1      | Reached XP level 2. HP: 20/20 MP: 0/5
  1129 | D:2      | Reached XP level 3. HP: 22/25 MP: 2/6
  1342 | D:2      | Reached skill level 1 in Armour
  1410 | D:2      | Reached XP level 4. HP: 27/31 MP: 1/8
  1608 | D:2      | Reached skill level 1 in Fighting
  1794 | D:2      | Noticed a centaur
  1802 | D:2      | Killed a centaur
  1802 | D:2      | Reached XP level 5. HP: 10/37 MP: 3/9
  2074 | D:2      | Found a runed translucent door.
  2075 | D:2      | Noticed Crazy Yiuf
  2112 | D:2      | Found a shimmering blue altar of Sif Muna.
  2193 | D:2      | Reached skill level 1 in Polearms
  2774 | D:3      | Learned a level 3 spell: Stone Arrow
  2779 | D:3      | Learned a level 4 spell: Petrify
  3014 | D:3      | Reached XP level 6. HP: 43/43 MP: 8/11
  3683 | D:3      | Noticed Natasha
  3690 | D:3      | Killed Natasha
  4049 | D:4      | Reached skill level 5 in Earth Magic
  4212 | D:4      | Found a snail-covered altar of Cheibriados.
  4227 | D:4      | Reached XP level 7. HP: 50/50 MP: 9/12
  4974 | D:5      | Entered Level 5 of the Dungeon
  5141 | D:5      | Reached skill level 1 in Conjurations
  5404 | D:5      | Found a staircase to the Ecumenical Temple.
  5544 | D:5      | Reached XP level 8. HP: 39/58 MP: 14/14
  5636 | Temple   | Entered the Ecumenical Temple
  5755 | Temple   | Became a worshipper of Fedhas Madash
  6264 | D:5      | Found Cuc Tani's Book Emporium.
  6479 | D:6      | Noticed Menkaure
  6636 | D:6      | Killed Menkaure
  6734 | D:6      | Noticed Maggie
  6816 | D:6      | Reached skill level 1 in Shields
  7591 | D:6      | Reached XP level 9. HP: 59/65 MP: 10/16
  7686 | D:6      | Reached * piety under Fedhas
  7821 | D:6      | Noticed Grinder
  7830 | D:6      | Killed Grinder
  7830 | D:6      | Reached skill level 5 in Polearms
  8661 | D:7      | Noticed Prince Ribbit
  8804 | D:6      | Killed Maggie
  8804 | D:6      | Reached skill level 1 in Invocations
  9175 | D:6      | Reached ** piety under Fedhas
  9175 | D:6      | Reached skill level 1 in Evocations
  9656 | D:6      | Reached skill level 5 in Spellcasting
  9758 | D:7      | Reached XP level 10. HP: 73/73 MP: 14/17
  9789 | D:7      | Killed Prince Ribbit
 10306 | D:7      | Learned a level 5 spell: Lee's Rapid Deconstruction
 10885 | D:8      | Reached skill level 5 in Fighting
 10885 | D:8      | Reached skill level 5 in Armour
 11436 | D:8      | Reached *** piety under Fedhas
 12685 | D:8      | You fall into a shaft and drop 2 floors!
 12685 | D:10     | Entered Level 10 of the Dungeon
 12698 | D:10     | Found a burning altar of Makhleb.
 12809 | D:8      | Noticed a two-headed ogre
 13777 | D:8      | Killed a two-headed ogre
 13906 | D:9      | Found Vigusoka's Jewellery Shoppe.
 14017 | D:9      | Noticed Erolcha
 14034 | D:9      | Reached XP level 11. HP: 73/80 MP: 18/20
 14615 | D:9      | Reached **** piety under Fedhas
 14718 | D:9      | Reached skill level 1 in Throwing
 14788 | D:8      | Reached skill level 5 in Shields
 14978 | D:9      | Noticed a queen ant
 15431 | D:9      | Found Yne Tau's Jewellery Boutique.
 15451 | D:9      | Killed Erolcha
 15687 | D:9      | Found a staircase to the Orcish Mines.
 15712 | D:9      | Killed a queen ant
 16426 | D:9      | Found Fatamuh's General Store.
 16581 | D:9      | Reached skill level 5 in Conjurations
 16751 | D:9      | Reached skill level 5 in Invocations
 17069 | D:9      | Noticed Maurice
 17129 | D:9      | Killed Maurice
 17287 | D:10     | Reached ***** piety under Fedhas
 17287 | D:10     | Reached XP level 12. HP: 24/89 MP: 3/21
 17677 | D:10     | Noticed a frost giant
 18107 | D:10     | Noticed Nergalle
 18304 | D:11     | Found Geohazy's Book Emporium.
 18322 | D:11     | Noticed a two-headed ogre
 18380 | D:11     | Found Heolyen's Distillery.
 18415 | D:11     | Killed a two-headed ogre
 19617 | D:11     | Found a staircase to the Lair.
 20579 | D:10     | Noticed an unseen horror
 20599 | D:10     | Killed an unseen horror
 20665 | D:10     | Killed Nergalle
 20938 | D:9      | Bought a +0 pair of boots for 49 gold pieces
 20938 | D:9      | Bought a +0 arbalest for 49 gold pieces
 20938 | D:9      | Bought a scroll of identify for 22 gold pieces
 21201 | D:10     | Noticed Urug
 21223 | D:10     | Killed from afar by a frost giant

Illustrated notes

Levels and vault maps discovered:
D:1:      dpeg_arrival_oval, layout_basic, st_stairs_7, hex_intersection
D:2:      layout_basic, nicolae_overflow_hidden_temple, uniq_crazy_yiuf_cottage
D:3:      layout_loops_ring, st_stairs_9, grunt_ministairs_10,
          minmay_misc_feat_cross, uniq_natasha
D:4:      layout_basic, cheibriados_altar_1
D:5:      layout_basic, minmay_temple_entry_waves, serial_shops,
          kennysheep_little_box
D:6:      layout_rooms, nicolae_ossuary_entry_catacombs, uniq_menkaure,
          uniq_maggie, uniq_grinder
D:7:      layout_cave_pools, uniq_prince_ribbit1
D:8:      layout_basic, minmay_alternating_orb
D:9:      layout_rooms, orc_0_dummy, serial_shops,
          nicolae_shop_temple_entry_statues_fountains, shop, nicolae_shop_stone,
          minivault_27, minivault_29, uniq_erolcha, uniq_maurice
D:10:     minmay_coctagon, layout_irregular_city, bloody_makhleb, uniq_nergalle,
          uniq_urug
D:11:     layout_basic, grunt_lair_entry_orc_guard_hut, serial_shops,
          nicolae_shop_trees, nicolae_shop_window_shopping,
          eino_house_with_fridge
Temple:   kilobyte_greek_temple

Skill      XL: |  1  2  3  4  5  6  7  8  9 10 11 12 |
---------------+-------------------------------------+-----
Earth Magic    | 4 5 6 7 8 |  8.9
Armour         | 1 2 3 4 5 6 7 |  7.2
Stealth        | 3 4 |  4.9
Fighting       | 1 2 3 4 5 6 7 |  7.4
Dodging        | 2 3 4 |  4.3
Spellcasting   | 3 4 5 6 7 |  7.1
Polearms       | 1 2 4 6 7 8 |  8.8
Conjurations   | 1 2 3 4 5 |  5.4
Shields        | 2 3 4 6 7 |  7.1
Invocations    | 1 3 5 6 |  6.0
Evocations     | 1 |  1.7
Throwing       | 2 |  2.4
Transmutations | |  1.1

Action                   |  1- 3 |  4- 6 |  7- 9 | 10-12 || total
-------------------------+-------+-------+-------+-------++-------
Melee: Unarmed           |     4 |       |       |       ||     4
       Spear             |    15 |    33 |    12 |   575 ||   635
       Glaive            |       |       |     5 |       ||     5
       Trident           |       |       |   350 |    45 ||   395
Throw: Dart              |       |       |       |    85 ||    85
 Cast: Sandblast         |    35 |    83 |    62 |    83 ||   263
       Stone Arrow       |       |       |     5 |   208 ||   213
       Lee's Rapid Decon |       |       |       |     3 ||     3
Invok: Wall of Briars    |       |       |       |     7 ||     7
       Grow Ballistomyce |       |       |       |     4 ||     4
 Abil: Dig               |       |     6 |    12 |       ||    18
Evoke: Wand              |       |       |    24 |    24 ||    48
  Use: Scroll            |       |     3 |    10 |     7 ||    20
       Potion            |       |       |     4 |     5 ||     9
 Stab: Sleeping          |     1 |     2 |     9 |     2 ||    14
       Confused          |       |       |       |     3 ||     3
       Distracted        |       |       |       |     1 ||     1
Armor: Robe              |     9 |     5 |       |       ||    14
       Leather armour    |       |     1 |    34 |       ||    35
       Skin              |       |       |   115 |       ||   115
       Swamp dragon scal |       |       |    53 |   263 ||   316
       Ring mail         |       |       |    39 |       ||    39
Dodge: Dodged            |    34 |    35 |   230 |   313 ||   612
Block: Kite shield       |       |       |       |   228 ||   228

Table legend: (Time is in decaauts)
 A = Elapsed time spent in this place.
 B = Non-inter-level travel time spent in this place.
 C = Inter-level travel time spent in this place.
 D = Time resting spent in this place.
 E = Time spent auto-exploring this place.
 F = Levels seen in this place.
 G = Mean time per level.
                   A        B        C        D        E       F      G
               +--------+--------+--------+--------+--------+-----+--------+
         Total |  21146 |  18690 |   2456 |   5002 |   8850 |  12 | 1762.2 |
       Dungeon |  20991 |  18602 |   2389 |   5002 |   8780 |  11 | 1908.3 |
        Temple |    154 |     87 |     67 |      0 |     70 |   1 |  154.0 |
               +--------+--------+--------+--------+--------+-----+--------+

Top non-repeatable levels by time:
     D:8: 4681 daAuts
     D:6: 2991 daAuts
    D:11: 2227 daAuts
     D:9: 2041 daAuts
     D:2: 1694 daAuts
    D:10: 1456 daAuts
     D:5: 1449 daAuts
     D:3: 1228 daAuts
     D:7: 1116 daAuts
     D:1: 1065 daAuts
     D:4: 1038 daAuts
  Temple: 154 daAuts
